AoeStats
← normalnocturnal

Arena

510852102Analyzed
2v2 RM · 1d ago on Oct 2, 2026· 39m 49s· 4 players
Game mode
Random Map
Map size
Medium (4 player)
Population
200
Speed
Normal
Resources
Standard
Victory
Conquest
Starting age
Dark Age
Ending age
Imperial Age
RankedLock teamsTeams togetherTeam positionsShared explorationLock speedFull tech treeHidden civsTurbo modeCheats
Victory
Defeat
🇪🇸 Mongols · Spain
870
+14
🇪🇸 Persians · Spain
841
+15
🇬🇧 Danes · United Kingdom
824
-15
🇬🇧 Britons · United Kingdom
820
-14
normalnocturnal
4:15 Loom
10:50 Feudal Age
14:00 Double-Bit Axe
16:23 Wheelbarrow
20:13 Castle Age
18:04 Man-at-Arms
18:30 Arson
19:58 Gold Mining
19:58 Stone Mining
21:12 Gambesons
21:28 Squires
21:18 Horse Collar
24:57 Bow Saw
24:59 Scale Mail Armor
25:35 Heavy Plow
28:34 Hand Cart
33:49 Imperial Age
31:44 Long Swordsman
33:03 Chain Mail Armor
32:58 Forging
34:16 Onager
35:18 Siege Engineers
35:01 Elite Varangian Guard
37:01 Gold Shaft Mining
37:01 Stone Shaft Mining
37:36 Plate Mail Armor
37:47 Iron Casting
ChrisVoor
1:10 Loom
12:32 Feudal Age
13:59 Horse Collar
14:07 Double-Bit Axe
16:14 Town Watch
18:50 Castle Age
18:59 Stone Mining
19:00 Gold Mining
20:16 Bow Saw
22:36 Heavy Plow
24:13 Light Cavalry
27:58 Gold Shaft Mining
28:13 Husbandry
34:15 Imperial Age
31:55 Fletching
33:08 Yeomen
32:59 Bodkin Arrow
33:15 Forging
33:11 Scale Barding Armor
33:31 Ballistics
33:07 Murder Holes
32:52 Treadmill Crane
33:25 Fortified Wall
34:09 Masonry
35:26 Iron Casting
36:47 Chemistry
37:15 Bracer
38:35 Blast Furnace
dgldavidbcn
10:01 Feudal Age
15:34 Castle Age
13:22 Double-Bit Axe
14:12 Gold Mining
15:28 Loom
20:46 Bow Saw
21:15 Horse Collar
29:56 Imperial Age
28:02 Wheelbarrow
27:26 Fletching
27:46 Forging
28:23 Ballistics
28:32 Kamandaran
29:07 Bodkin Arrow
29:13 Padded Archer Armor
29:13 Scale Mail Armor
28:44 Crossbowman
30:03 Thumb Ring
30:42 Conscription
30:10 Pikeman
30:51 Squires
32:48 Halberdier
33:53 Leather Archer Armor
33:53 Chain Mail Armor
33:44 Scale Barding Armor
34:15 Iron Casting
34:25 Elite War Elephant
34:33 Elite War Elephant
37:24 Cavalier
38:04 Husbandry
38:15 Bloodlines
39:35 Savar
TheDafey
9:12 Feudal Age
16:02 Castle Age
15:51 Stone Mining
15:53 Double-Bit Axe
17:37 Loom
24:02 Murder Holes
25:04 Crossbowman
26:01 Thumb Ring
25:33 Elite Skirmisher
30:05 Fletching
30:15 Padded Archer Armor
31:47 Ballistics
35:45 Imperial Age
34:06 Wheelbarrow
33:19 Town Watch
33:34 Bodkin Arrow
33:39 Padded Archer Armor
36:04 Leather Archer Armor
35:56 Scale Barding Armor
36:53 Elite Mangudai
37:57 Drill
38:05 Hand Cart
37:52 Town Patrol
38:21 Chain Barding Armor
39:32 Conscription
41:02 Chemistry
40:12 Fortified Wall
Connection lost

Rejoining the realm…

Still unreachable

The connection could not be restored.

Session expired

The server has moved on; the page needs a fresh start.